AoeStats
← [JaMx] K@l-El

MegaRandom

509792884Analyzed
4v4 RM · 5d ago on Sep 28, 2026· 47m 6s· 8 players
Game mode
Random Map
Map size
Large (8 player)
Population
200
Speed
Normal
Resources
Standard
Victory
Conquest
Starting age
Dark Age
Ending age
Imperial Age
RankedLock teamsTeams togetherTeam positionsShared explorationLock speedFull tech treeHidden civsTurbo modeCheats
Victory
Defeat
🇺🇸 Mongols · United States
1370
+18
🇺🇸 Hindustanis · United States
1366
+18
🇩🇪 Britons · Germany
1350
+19
🇺🇸 Celts · United States
1341
+19
🇲🇽 Saxons · Mexico
1515
-22
🇲🇽 Magyars · Mexico
1442
-20
🇲🇽 Georgians · Mexico
1363
-17
🇲🇽 Tupi · Mexico
1328
-15
Spider2YBanana
0:32 Loom
9:44 Feudal Age
13:57 Castle Age
12:39 Double-Bit Axe
25:00 Scale Barding Armor
26:18 Gold Mining
27:24 Wheelbarrow
27:31 Bloodlines
27:21 Husbandry
28:19 Chain Barding Armor
31:13 Forging
32:52 Iron Casting
36:27 Imperial Age
35:41 Fletching
36:31 Heavy Camel Rider
37:47 Plate Barding Armor
38:50 Blast Furnace
38:13 Conscription
37:58 Grand Trunk Road
38:48 Imperial Camel Rider
44:20 Bow Saw
46:59 Chemistry
Haider_435
0:28 Loom
7:27 Feudal Age
10:36 Fletching
11:11 Double-Bit Axe
12:54 Padded Archer Armor
14:36 Horse Collar
22:21 Castle Age
22:29 Castle Age
21:56 Gold Mining
22:30 Crossbowman
23:06 Bodkin Arrow
24:57 Ballistics
25:19 Leather Archer Armor
29:10 Bow Saw
34:43 Imperial Age
35:55 Wheelbarrow
35:27 Bracer
36:28 Chemistry
35:46 Arbalester
37:44 Yeomen
39:05 Ring Archer Armor
39:23 Conscription
39:45 Heavy Plow
45:47 Two-Man Saw
45:05 Hand Cart
45:36 Siege Engineers
46:21 Gold Shaft Mining
45:36 Stone Mining
Skunk77
0:36 Loom
7:49 Feudal Age
8:43 Double-Bit Axe
12:04 Wheelbarrow
12:06 Fletching
14:11 Padded Archer Armor
21:49 Castle Age
20:30 Horse Collar
21:54 Gold Mining
21:52 Crossbowman
22:31 Bodkin Arrow
28:23 Bow Saw
27:59 Pikeman
28:42 Scale Mail Armor
28:52 Forging
29:25 Heavy Plow
30:56 Ballistics
32:32 Chain Mail Armor
39:43 Imperial Age
38:07 Stronghold
38:57 Iron Casting
40:08 Gold Shaft Mining
40:09 Halberdier
41:21 Plate Mail Armor
42:17 Conscription
42:12 Elite Woad Raider
46:53 Blast Furnace
47:26 Gambesons
47:02 Man-at-Arms
47:28 Arson
SecretAgent1942
9:13 Feudal Age
13:42 Castle Age
11:35 Double-Bit Axe
12:08 Horse Collar
14:35 Bow Saw
14:26 Heavy Plow
15:54 Loom
23:09 Gold Mining
23:53 Bloodlines
26:03 Wheelbarrow
25:35 Scale Barding Armor
26:09 Husbandry
26:38 Stone Mining
27:33 Gold Shaft Mining
31:06 Hand Cart
33:50 Imperial Age
31:08 Town Watch
31:45 Chain Barding Armor
31:36 Forging
34:04 Iron Casting
34:07 Elite Steppe Lancer
35:26 Conscription
35:34 Light Cavalry
37:57 Blast Furnace
41:36 Hoardings
45:22 Arson
[JaMx] K@l-El
0:32 Loom
8:35 Feudal Age
20:00 Castle Age
18:30 Scale Barding Armor
18:36 Bloodlines
18:14 Horse Collar
18:40 Gold Mining
18:57 Double-Bit Axe
21:16 Chain Barding Armor
30:18 Husbandry
41:29 Imperial Age
41:38 Wheelbarrow
41:32 Cavalier
44:19 Plate Barding Armor
Ananda
0:35 Loom
9:36 Feudal Age
11:10 Double-Bit Axe
14:30 Forging
15:09 Bloodlines
14:44 Horse Collar
17:44 Wheelbarrow
22:17 Castle Age
21:54 Scale Barding Armor
24:59 Iron Casting
24:41 Husbandry
25:29 Chain Barding Armor
31:33 Hand Cart
39:04 Imperial Age
40:10 Cavalier
42:06 Blast Furnace
41:43 Plate Barding Armor
41:58 Conscription
Jalayas
0:41 Loom
8:12 Feudal Age
8:54 Double-Bit Axe
10:17 Horse Collar
11:41 Wheelbarrow
13:19 Fletching
21:21 Castle Age
19:34 Gold Mining
20:25 Stone Mining
22:35 Bow Saw
22:30 Heavy Plow
22:55 Hand Cart
22:25 Town Watch
23:47 Scale Mail Armor
23:57 Forging
25:18 Chain Mail Armor
25:56 Squires
28:40 Iron Casting
29:14 Bodkin Arrow
31:40 Gold Shaft Mining
33:18 Ballistics
32:39 Treadmill Crane
33:09 Masonry
36:03 Imperial Age
36:00 Arson
36:00 Gambesons
36:17 Elite Hearth Troop
37:34 Hoardings
37:44 Plate Mail Armor
37:57 Bracer
37:21 Shield Wall
38:37 Hoardings
38:23 Conscription
42:26 Elite Varangian Guard
44:46 Chemistry
44:16 Architecture
43:51 Siege Engineers
47:23 Two-Man Saw
sgt peppers s
0:46 Loom
8:31 Feudal Age
12:49 Fletching
17:39 Padded Archer Armor
21:12 Double-Bit Axe
21:08 Horse Collar
24:51 Castle Age
25:15 Gold Mining
25:55 Bow Saw
26:02 Bodkin Arrow
26:23 Leather Archer Armor
26:30 Heavy Plow
29:08 Ballistics
29:40 Wheelbarrow
34:19 Hand Cart
37:08 Imperial Age
35:00 Hand Cart
37:14 Elite Blackwood Archer
38:19 Town Watch
39:07 Ring Archer Armor
37:58 Crossbowman
39:15 Bracer
40:35 Conscription
42:42 Caciques
46:27 Chemistry
Connection lost

Rejoining the realm…

Still unreachable

The connection could not be restored.

Session expired

The server has moved on; the page needs a fresh start.